 Dungeon Crawl Stone Soup version 0.27-a0-1217-g8a41f320e8 (webtiles) character file.

Game seed: 10948321383167022452

16641 Glokmah the Green Death (level 12, -2/91 HPs)
             Began as a Demonspawn Ice Elementalist on June 6, 2021.
             Was a High Priest of Fedhas.
             Slain by a cane toad (20 damage)
             ... on level 2 of the Lair of Beasts.
             The game lasted 00:41:50 (15141 turns).

Glokmah the Green Death (DsIE)                     Turns: 15141, Time: 00:41:52

Health: -2/91      AC:  8    Str: 10    XL:     12   Next: 11%
Magic:  17/22      EV: 12    Int: 24    God:    Fedhas [*****.]
Gold:   579        SH:  0    Dex: 13    Spells: 12/25 levels left

rFire    + . .     SeeInvis +   a - +2 trident (venom)
rCold    . . .     Faith    .   (no shield)
rNeg     + + .     Spirit   .   t - +2 leather armour {rF+}
rPois    .         Reflect  .   (helmet unavailable)
rElec    .         Harm     .   (no cloak)
rCorr    .         Rampage  .   (no gloves)
Will     .....                  B - +2 pair of boots
Stlth    +++.......             h - amulet of regeneration
HPRegen  1.25/turn              c - +4 ring of slaying
MPRegen  0.18/turn              C - ring of the Middle {rN++ Str-3 Int+6 Slay+6 Stlth+}

@: lethally poisoned (-2 -> -12), about to teleport, frozen, freezing walls,
very slow
A: antennae 3, powered by death 1, sturdy frame 2
a: Renounce Religion, Wall of Briars, Grow Ballistomycete, Overgrow, Grow Oklob


You were on level 2 of the Lair of Beasts.
You worshipped Fedhas.
Fedhas was extremely pleased with you.
You visited 3 branches of the dungeon, and saw 13 of its levels.

You collected 579 gold pieces.

Inventory:

Hand Weapons
 a - a +2 trident of venom (weapon)
 b - a +4 vorpal mace
Missiles
 j - 16 boomerangs (quivered)
 k - 367 stones
 p - 3 throwing nets
 r - 20 javelins
 s - 56 bolts
 v - 2 atropa-tipped darts
 D - 7 poisoned darts
 M - 3 curare-tipped darts
Armour
 t - a +2 leather armour of fire resistance (worn)
 w - a +0 ring mail of cold resistance
 B - a +2 pair of boots (worn)
 F - a +0 buckler
 I - a +0 kite shield
Jewellery
 c - a +4 ring of slaying (left hand)
 g - a ring of protection from cold
 h - an amulet of regeneration (around neck)
 o - a ring of flight
 C - the ring of the Middle (right hand) {rN++ Str-3 Int+6 Slay+6 Stlth+}
   (You acquired it on level 1 of the Lair of Beasts)

   [ring of intelligence]

   It affects your strength (-3).
   It affects your intelligence (+6).
   It affects your accuracy and damage with ranged weapons and melee attacks
   (+6).
   It greatly protects you from negative energy.
   It makes you more stealthy.
 H - a +6 ring of strength
 K - a +4 ring of evasion
 L - a ring of fire
Wands
 i - a wand of acid (18)
 l - a wand of flame (59)
 y - a wand of iceblast (4)
 J - a wand of paralysis (10)
Scrolls
 e - a scroll of identify
 m - 4 scrolls of amnesia
 n - 2 scrolls of teleportation
 A - 3 scrolls of immolation
 G - 3 scrolls of enchant armour
 N - a scroll of brand weapon
Potions
 d - 3 potions of heal wounds
 f - 2 potions of lignification
 q - 2 potions of haste {unknown}
 u - 2 potions of curing
 x - 2 potions of ambrosia
 z - a potion of flight {unknown}
 E - 4 potions of might
 O - a potion of mutation {unknown}


   Skills:
 + Level 7.4 Fighting
 - Level 1.7 Dodging
 - Level 1.7 Stealth
 + Level 3.1 Shields
 + Level 7.3 Spellcasting
 + Level 6.7 Conjurations
 - Level 3.0 Transmutations
 * Level 10.5 Ice Magic
 * Level 12.4 Invocations


You had 12 spell levels left.
You knew the following spells:

 Your Spells              Type           Power      Damage    Failure   Level
a - Freeze                Ice            100%       1d11      1%          1
b - Frozen Ramparts       Ice            100%       1d12      1%          3
c - Ozocubu's Armour      Ice            56%        N/A       1%          3
d - Hailstorm             Conj/Ice       50%        3d11      1%          4
e - Wereblood             Tmut           23%        N/A       3%          2

Your spell library contained the following spells:

 Spells                   Type           Power      Damage    Failure   Level
 Beastly Appendage        Tmut           46%        N/A       1%          1
 Sting                    Tmut/Pois      60%        1d6       3%          1
 Ice Form                 Ice/Tmut       41%        N/A       4%          4
 Animate Skeleton         Necr           16%        N/A       7%          1
 Apportation              Tloc           16%        N/A       7%          1
 Corona                   Hex            8%         N/A       7%          1
 Summon Small Mammal      Summ           32%        N/A       7%          1
 Mephitic Cloud           Conj/Pois/Air  19%        N/A       9%          3
 Poisonous Vapours        Pois/Air       16%        N/A       11%         2
 Slow                     Hex            8%         N/A       11%         2
 Spider Form              Tmut/Pois      7%         N/A       12%         3
 Ignite Poison            Fire/Tmut/Pois 13%        N/A       14%         3
 Inner Flame              Hex/Fire       8%         N/A       22%         3
 Portal Projectile        Hex/Tloc       16%        N/A       22%         3
 Metabolic Englaciation   Hex/Ice        17%        N/A       22%         5
 Hydra Form               Tmut           11%        N/A       50%         5
 Cause Fear               Hex            4%         N/A       56%         4
 Leda's Liquefaction      Hex/Erth       4%         N/A       56%         4
 Olgreb's Toxic Radiance  Pois           8%         N/A       56%         4
 Yara's Violent Unravell  Hex/Tmut       7%         3d5       71%         5
 Silence                  Hex/Air        4%         N/A       89%         5
 Discord                  Hex            4%         N/A       100%        8


Dungeon Overview and Level Annotations

Branches:
Dungeon (10/15)            Temple (1/1) D:4            Lair (2/6) D:10
    Orc (0/2) D:10
  Swamp: Lair:2-4    Shoals: Lair:2-4     Snake: Lair:2-4    Spider: Lair:2-4

Altars:
Ashenzari
Cheibriados
Dithmenos
Elyvilon
Fedhas
Gozag
Hepliaklqana
Kikubaaqudgha
Makhleb
Nemelex Xobeh
Okawaru
Qazlal
Ru
Sif Muna
Trog
Uskayaw
Vehumet
Wu Jian
Xom
Yredelemnul
Zin
The Shining One


Innate Abilities, Weirdness & Mutations

You have a pair of large antennae on your head. (SInv)
You regenerate a little health from kills.
Your movements are less encumbered by armour. (ER -4)


Message History

You see here a komodo dragon corpse.
Found 8 gold pieces.
Found a scroll of fog.
You now have 579 gold pieces (gained 8).
A rime drake comes into view.
A cane toad comes into view.
Found a spear and 9 gold pieces.
The rime drake hisses angrily.
The rime drake breathes ice at you. The flash freeze hits you!!
You are encased in ice.
Casting: Hailstorm (mildly dangerous; 1% risk of failure)
Confirm with . or Enter, or press ? or * to list all spells.
Casting: Frozen Ramparts (safe; 1% risk of failure)
Press: ? - help, Dir - look around, f - activate The walls around you are covered in ice.
The wall freezes the cane toad.
You completely miss the cane toad.
The cane toad is lightly wounded.
The wall freezes the cane toad.
The cane toad stings you!
You barely miss the cane toad.
The cane toad is lightly wounded.
The ice encasing you melts away.
The wall freezes the cane toad.
The cane toad stings you!
The rime drake resists.
The wall freezes the rime drake.
The wall freezes the cane toad.
The cane toad seems to slow down.
The cane toad stings you!
You are poisoned.
The cane toad poisons you! The rime drake breathes ice at you.
The flash freeze hits you!!
* * * LOW HITPOINT WARNING * * *
You are encased in ice.
As you read the scroll of teleportation, it crumbles to dust.
You feel strangely unstable.
You feel very sick.
The wall freezes the cane toad.
The cane toad seems to slow down.
The cane toad stings you!!
You die...
Fedhas appreciates your contribution to the ecosystem.

#...........#..........#
............#†.........##
#.....<#................#
.........#.#............#
......>................##
#.......................#
#.......#......P........#
#......#................#
...............#@......##
.......#)......#Fk.....#
.......#.P#...........#
.......?.$.....P#
P##.PP........P#
P............##
..............#
..............#
..........)$..#


You could see a cane toad (slow) and a rime drake (catching breath).

Vanquished Creatures
  2 two-headed ogres
  Sonja (Lair:2)
  The ghost of Gilette the Grappler, a novice TrMo (D:6)
  Joseph (D:7)
  2 cane toads
  3 komodo dragons
  Maggie (D:6)
  A troll (D:10)
  3 shadows (D:10)
  29 yaks
  5 wyverns
  4 steam dragons
  3 vampire mosquitoes
  A two-headed ogre zombie (D:10)
  7 water moccasins
  An ice beast (D:5)
  3 orc warriors
  A sky beast (D:6)
  2 black bears
  A necrophage (D:6)
  5 ogres
  4 wolves
  A centaur (D:5)
  A phantom (D:5)
  2 kobold brigands (D:8)
  10 bullfrogs
  3 gnoll sergeants (D:9)
  3 scorpions
  A wyvern skeleton (D:6)
  A troll zombie (D:10)
  5 killer bees (D:8)
  3 wights (D:10)
  A howler monkey (D:6)
  A bullfrog zombie (D:5)
  4 hounds
  2 jellies
  A gnoll shaman (D:8)
  3 orc priests
  7 iguanas
  5 orc wizards
  A killer bee zombie (D:8)
  6 ogre zombies (D:10)
  2 howler monkey zombies
  20 gnolls
  A howler monkey skeleton (D:7)
  11 adders
  A shadow imp (D:8)
  2 white imps
  An ufetubus (D:6)
  2 adder skeletons (D:4)
  2 worms
  A dart slug (D:1)
  20 orcs
  7 ball pythons
  6 endoplasms
  3 giant cockroaches (D:4)
  4 goblins
  6 hobgoblins
  4 quokkas
  7 bats
  3 frilled lizards
  A goblin skeleton (D:10)
  3 goblin zombies (D:10)
  4 hobgoblin zombies (D:10)
  12 kobolds
  3 orc skeletons (D:10)
  14 orc zombies (D:10)
  3 rats (D:1)
285 creatures vanquished.

Vanquished Creatures (collateral kills)
  The ghost of Zigma the Grappler, a journeyman DrTm of Gozag (D:10)
  3 yaks (Lair:1)
4 creatures vanquished.

Vanquished Creatures (others)
  A bush (D:10)
  4 fungi
  18 plants
23 creatures vanquished.

Grand Total: 312 creatures vanquished

Notes
Turn   | Place    | Note
-------+----------+-------------------------------------------
     0 | D:1      | Glokmah the Demonspawn Ice Elementalist began the quest for
                  | the Orb.
     0 | D:1      | Reached XP level 1. HP: 13/13 MP: 3/3
   556 | D:1      | Gained mutation: You have a pair of small antennae on your
                  | head. [demonic ancestry]
   556 | D:1      | Reached XP level 2. HP: 20/20 MP: 3/5
   895 | D:1      | Found a faded altar of an unknown god.
  1255 | D:2      | Reached skill level 1 in Fighting
  1526 | D:2      | You fall into a shaft and drop 1 floor!
  1602 | D:3      | Gained mutation: Your movements are slightly less
                  | encumbered by armour. (ER -2) [demonic ancestry]
  1602 | D:3      | Reached XP level 3. HP: 21/26 MP: 6/6
  1788 | D:2      | Learned a level 3 spell: Frozen Ramparts
  2285 | D:2      | Reached XP level 4. HP: 32/32 MP: 1/7
  2802 | D:3      | Learned a level 3 spell: Ozocubu's Armour
  3665 | D:4      | Noticed an ogre
  3673 | D:4      | Killed an ogre
  3674 | D:4      | Reached skill level 5 in Ice Magic
  3674 | D:4      | Gained mutation: You regenerate a little health from kills.
                  | [demonic ancestry]
  3674 | D:4      | Reached XP level 5. HP: 38/38 MP: 1/9
  3821 | D:4      | Gained mutation: You have a pair of antennae on your head.
                  | [demonic ancestry]
  3821 | D:4      | Reached XP level 6. HP: 33/46 MP: 6/11
  3867 | D:4      | Found a staircase to the Ecumenical Temple.
  3877 | Temple   | Entered the Ecumenical Temple
  4226 | Temple   | Became a worshipper of Fedhas Madash
  4410 | D:4      | Learned a level 4 spell: Hailstorm
  4727 | D:4      | Reached skill level 1 in Invocations
  4906 | D:5      | Entered Level 5 of the Dungeon
  5085 | D:5      | Reached skill level 2 in Invocations
  5088 | D:5      | Reached skill level 1 in Conjurations
  5337 | D:5      | Gained mutation: Your movements are less encumbered by
                  | armour. (ER -4) [demonic ancestry]
  5337 | D:5      | Reached XP level 7. HP: 52/52 MP: 6/12
  5401 | D:5      | Reached skill level 3 in Invocations
  5692 | D:5      | Reached * piety under Fedhas
  5694 | D:5      | Reached skill level 4 in Invocations
  5841 | D:5      | Reached XP level 8. HP: 58/60 MP: 10/14
  6357 | D:6      | Reached skill level 5 in Invocations
  6820 | D:6      | Reached ** piety under Fedhas
  7060 | D:6      | Found a runed translucent door.
  7061 | D:6      | Noticed Gilette's ghost (novice TrMo)
  7061 | D:6      | Noticed a two-headed ogre
  7253 | D:6      | Reached skill level 6 in Invocations
  7447 | D:7      | Noticed Maggie
  7512 | D:6      | Killed Maggie
  7867 | D:7      | Noticed Joseph
  7879 | D:7      | Reached XP level 9. HP: 36/66 MP: 3/16
  7884 | D:7      | Killed Joseph
  7885 | D:7      | Reached skill level 5 in Spellcasting
  7885 | D:7      | Reached skill level 7 in Invocations
  8013 | D:7      | Reached skill level 5 in Fighting
  8110 | D:7      | Learned a level 2 spell: Wereblood
  8325 | D:7      | Reached skill level 8 in Invocations
  9558 | D:8      | Reached *** piety under Fedhas
  9559 | D:8      | Reached skill level 1 in Transmutations
 10000 | D:9      | Reached XP level 10. HP: 67/74 MP: 2/18
 10120 | D:9      | Reached skill level 9 in Invocations
 10535 | D:9      | Reached skill level 5 in Conjurations
 10809 | D:9      | Identified the +0 plate armour of Mental Paralysis {Regen+
                  | Str+6 Dex-4}
 11267 | D:10     | Entered Level 10 of the Dungeon
 11281 | D:10     | Reached skill level 10 in Invocations
 11310 | D:10     | Found a large runed translucent door.
 11311 | D:10     | Found a large runed translucent door.
 11314 | D:10     | Noticed Zigma's ghost (journeyman DrTm)
 11375 | D:10     | Reached **** piety under Fedhas
 11409 | D:10     | Found a staircase to the Lair.
 11619 | D:10     | Found a basalt altar of Yredelemnul.
 11984 | D:10     | Gained mutation: You have a pair of large antennae on your
                  | head. (SInv) [demonic ancestry]
 11984 | D:10     | Reached XP level 11. HP: 51/83 MP: 16/20
 12096 | D:10     | Noticed a two-headed ogre
 12398 | D:10     | Reached ***** piety under Fedhas
 12541 | D:10     | Reached skill level 1 in Shields
 12654 | D:10     | Found a staircase to the Orcish Mines.
 12981 | D:10     | Killed a two-headed ogre
 12982 | D:10     | Reached skill level 11 in Invocations
 13191 | D:10     | Killed Zigma's ghost
 13421 | D:6      | Killed Gilette's ghost
 13422 | D:6      | Killed a two-headed ogre
 13572 | Lair:1   | Entered Level 1 of the Lair of Beasts
 13581 | Lair:1   | Reached skill level 10 in Ice Magic
 13794 | Lair:1   | Identified a scroll of acquirement
 13794 | Lair:1   | Acquired the ring of the Middle {rN++ Str-3 Int+6 Slay+6
                  | Stlth+}
 14086 | Lair:1   | Reached skill level 12 in Invocations
 14379 | Lair:1   | Identified the +0 leather armour "Pusofu Idghi" {Dex+5}
 14820 | Lair:2   | Reached XP level 12. HP: 91/91 MP: 22/22
 14984 | Lair:2   | Noticed Sonja
 14992 | Lair:2   | Killed Sonja
 15141 | Lair:2   | Slain by a cane toad

Illustrated notes

Levels and vault maps discovered:
D:1:      nicolae_arrival_washed_ashore, layout_rooms, basic_ecumenical_altar
D:2:      layout_basic, minmay_vboxes
D:3:      layout_basic, chequers_arboretum
D:4:      layout_basic, minmay_temple_entry_tees, serial_bayou_pond_d,
          minmay_cupped
D:5:      layout_cave_pools, kennysheep_small_square
D:6:      layout_loops_corners, ebering_ghost_inner_flame
D:7:      layout_loops_ring, uniq_maggie, uniq_joseph
D:8:      layout_basic
D:9:      layout_layer_cave
D:10:     layout_basic, lemuel_tele_altar, minmay_lair_entry_grove,
          zombieorc2_lemuel, ebering_ghost_disaster_area,
          hangedman_abyss_or_decor_lesser_grid
Temple:   nicolae_temple_the_god_donut
Lair:1:   layout_gridlike, beast_lair_carwin_7, infiniplex_staircase_pool
Lair:2:   layout_chaotic_city, st_stairs_6, serial_bayou_shore_b,
          serial_bayou_shore_b, uniq_sonja

Skill      XL: |  1  2  3  4  5  6  7  8  9 10 11 |
---------------+----------------------------------+-----
Ice Magic      | 4 5 6 7 8 9 10 | 10.5
Fighting       | 1 2 3 4 5 6 7 |  7.4
Spellcasting   | 3 4 5 6 7 |  7.3
Invocations    | 2 4 6 8 10 12 | 12.4
Conjurations   | 1 2 3 4 5 6 |  6.7
Transmutations | 1 3 |  3.0
Shields        | 3 |  3.1
Dodging        | |  1.7
Stealth        | |  1.7

Action                   |  1- 3 |  4- 6 |  7- 9 | 10-12 || total
-------------------------+-------+-------+-------+-------++-------
Melee: Short sword       |    49 |       |       |       ||    49
       Mace              |     1 |    55 |   105 |   121 ||   282
       Trident           |       |       |    10 |   192 ||   202
Throw: Boomerang         |       |       |    14 |    10 ||    24
 Cast: Freeze            |    35 |    17 |    48 |    24 ||   124
       Frozen Ramparts   |     1 |    11 |    38 |    37 ||    87
       Ozocubu's Armour  |       |     5 |    14 |    22 ||    41
       Hailstorm         |       |       |    15 |    30 ||    45
       Wereblood         |       |       |     1 |     1 ||     2
Invok: Wall of Briars    |       |       |     2 |     3 ||     5
  Use: Scroll            |       |       |    13 |     6 ||    19
 Stab: Sleeping          |     2 |     2 |       |     1 ||     5
       Distracted        |       |       |       |     1 ||     1
Armor: Robe              |    15 |       |       |       ||    15
       Leather armour    |       |    16 |    56 |   158 ||   230
Dodge: Dodged            |    54 |    57 |    93 |   247 ||   451

Table legend: (Time is in decaauts)
 A = Elapsed time spent in this place.
 B = Non-inter-level travel time spent in this place.
 C = Inter-level travel time spent in this place.
 D = Time resting spent in this place.
 E = Time spent auto-exploring this place.
 F = Levels seen in this place.
 G = Mean time per level.
                   A        B        C        D        E       F      G
               +--------+--------+--------+--------+--------+-----+--------+
         Total |  15368 |  14337 |   1031 |   1614 |   9177 |  13 | 1182.2 |
       Dungeon |  13563 |  12665 |    898 |   1514 |   8018 |  10 | 1356.3 |
        Temple |    362 |    276 |     86 |      0 |    258 |   1 |  362.0 |
          Lair |   1442 |   1395 |     47 |    100 |    901 |   2 |  721.0 |
               +--------+--------+--------+--------+--------+-----+--------+

Top non-repeatable levels by time:
    D:10: 2219 daAuts
     D:6: 1665 daAuts
     D:9: 1653 daAuts
     D:1: 1510 daAuts
     D:7: 1352 daAuts
     D:3: 1256 daAuts
     D:4: 1064 daAuts
     D:5: 1024 daAuts
  Lair:1: 999 daAuts
     D:2: 928 daAuts
     D:8: 886 daAuts
  Lair:2: 443 daAuts
  Temple: 362 daAuts
